AA CENTRAL
ARKANSAS TRAVELERS @ FRISCO ROUGHRIDERS
04/20/2042
 
TOP OF THE 1ST
Arkansas Travelers batting - Pitching for Frisco RoughRiders : RHP Jim Unknown
Pitching: RHP Jim Unknown
Batting: LHB Edgar Vargo 0-0: Called Strike
0-1: Fly out, F9 (Flyball, 9D, EV 96.9 MPH)
Batting: SHB Junior Garrett 0-0: Fly out, F8 (Line Drive, 8LD, EV 92.5 MPH)
Batting: LHB José Barrón 0-0: Ball
1-0: Foul Ball, location: 2F
1-1: Ball
2-1: Swinging Strike
2-2: SOLO HOME RUN (Flyball, 7D, EV 105.6 MPH) (Inside the Park)
Batting: RHB Dave Davis 0-0: Ball
1-0: Called Strike
1-1: Ground out 5-3 (Groundball, 56S, EV 83.8 MPH)
Top of the 1st over - 1 run, 1 hit, 0 errors, 0 left on base; Arkansas 1 - Frisco 0
BOTTOM OF THE 1ST
Frisco RoughRiders batting - Pitching for Arkansas Travelers : RHP Stan Tutt
Pitching: RHP Stan Tutt
Batting: RHB Jeff Maxwell 0-0: Foul Ball, location: 2RF
0-1: Ball
1-1: Swinging Strike
1-2: Strikes out swinging
Batting: RHB Cliff Richardson 0-0: Called Strike
0-1: Ball
1-1: Swinging Strike
1-2: Ball
2-2: Ball
3-2: Base on Balls
Batting: LHB Dan Weaver 0-0: Foul Ball, location: 3DF
0-1: Ball
1-1: Called Strike
1-2: Strikes out looking
Batting: RHB Joel Johnson 0-0: DOUBLE (Line Drive, 89D, EV 100.0 MPH)
Cliff Richardson to third
Batting: LHB Jim Unknown 0-0: Ball
1-0: Ground out 6-3 (Groundball, 6M, EV 90.0 MPH)
Bottom of the 1st over - 0 runs, 1 hit, 0 errors, 2 left on base; Arkansas 1 - Frisco 0
TOP OF THE 2ND
Arkansas Travelers batting - Pitching for Frisco RoughRiders : RHP Jim Unknown
Batting: LHB Brad McParland 0-0: Ball
1-0: Ball
2-0: Called Strike
2-1: Ground out 5-3 (Groundball, 5, EV 80.6 MPH)
Batting: RHB Xavier López 0-0: Ground out 4-3 (Groundball, 34, EV 80.0 MPH)
Batting: RHB Clarence Gedman 0-0: Ball
1-0: Foul Ball, location: 5DF
1-1: Called Strike
1-2: Hit by Pitch
Batting: RHB Reggie Allen 0-0: Ball
1-0: Foul Ball, location: 23FF
1-1: Fly out, F9 (Flyball, 9D, EV 101.9 MPH)
Top of the 2nd over - 0 runs, 0 hits, 0 errors, 1 left on base; Arkansas 1 - Frisco 0
BOTTOM OF THE 2ND
Frisco RoughRiders batting - Pitching for Arkansas Travelers : RHP Stan Tutt
Batting: LHB Jim Unknown 0-0: Fly out, F7 (Flyball, 78M, EV 86.3 MPH)
Batting: RHB Jim Unknown 0-0: Ball
1-0: Swinging Strike
1-1: Bunt for hit to 23 - play at first, batter OUT! 3-4
Batting: RHB Jim Unknown 0-0: Ball
1-0: Ball
2-0: Ball
3-0: Called Strike
3-1: SINGLE (Line Drive, 8RS, EV 101.9 MPH)
Batting: RHB Jim Unknown 0-0: Foul Ball, location: 2F
0-1: Foul Ball, location: 7LDF
0-2: Ball
1-2: Fly out, F8 (Flyball, 8LS, EV 89.4 MPH)
Bottom of the 2nd over - 0 runs, 1 hit, 0 errors, 1 left on base; Arkansas 1 - Frisco 0
TOP OF THE 3RD
Arkansas Travelers batting - Pitching for Frisco RoughRiders : RHP Jim Unknown
Batting: RHB David Ayala 0-0: TRIPLE (Flyball, 89XD, EV 92.5 MPH)
Batting: LHB Edgar Vargo 0-0: Ball
1-0: Fly out, F4 (Popup, 4S, EV 73.8 MPH)
Batting: SHB Junior Garrett 0-0: Ground out 6-3 (Groundball, 56, EV 80.0 MPH)
David Ayala scores
Batting: LHB José Barrón 0-0: Ball
1-0: SINGLE (Groundball, 4MD, EV 96.9 MPH)
Batting: RHB Dave Davis 0-0: Ball
1-0: Ball
2-0: Ball
3-0: Base on Balls
José Barrón to second
Batting: LHB Brad McParland 0-0: Hit by Pitch
José Barrón to third
Dave Davis to second
Batting: RHB Xavier López 0-0: Ball
1-0: Fly out, F8 (Flyball, 8RD, EV 78.1 MPH)
Top of the 3rd over - 1 run, 2 hits, 0 errors, 3 left on base; Arkansas 2 - Frisco 0
BOTTOM OF THE 3RD
Frisco RoughRiders batting - Pitching for Arkansas Travelers : RHP Stan Tutt
Batting: RHB Jeff Maxwell 0-0: Swinging Strike
0-1: Ball
1-1: DOUBLE (Flyball, 8RXD, EV 108.1 MPH)
Batting: RHB Cliff Richardson 0-0: Called Strike
0-1: Ball
1-1: Swinging Strike
1-2: Ball
2-2: Ball
3-2: DOUBLE (Line Drive, 89D, EV 107.5 MPH)
Jeff Maxwell scores
Batting: LHB Dan Weaver 0-0: Fly out, F7 (Flyball, 78M, EV 100.6 MPH)
Batting: RHB Joel Johnson 0-0: Ball
1-0: Fly out, F7 (Flyball, 7LS, EV 86.3 MPH)
Batting: LHB Jim Unknown 0-0: Ball
1-0: Swinging Strike
1-1: DOUBLE (Line Drive, 78M, EV 95.6 MPH)
Cliff Richardson scores
Batting: LHB Jim Unknown 0-0: Ball
1-0: Ball
2-0: Ball
3-0: Called Strike
3-1: Base on Balls
Batting: RHB Jim Unknown 0-0: Ground out 5-3 (Groundball, 56S, EV 85.0 MPH)
Bottom of the 3rd over - 2 runs, 3 hits, 0 errors, 2 left on base; Arkansas 2 - Frisco 2
TOP OF THE 4TH
Arkansas Travelers batting - Pitching for Frisco RoughRiders : RHP Jim Unknown
Batting: RHB Clarence Gedman 0-0: Foul Ball, location: 25F
0-1: DOUBLE (Flyball, 78D, EV 103.1 MPH)
Batting: RHB Reggie Allen 0-0: Foul Ball, location: 25FF
0-1: Ball
1-1: Called Strike
1-2: Fly out, F7 (Flyball, 7LS, EV 91.9 MPH)
Batting: RHB David Ayala 0-0: Called Strike
0-1: SINGLE (Groundball, 56D, EV 98.1 MPH)
Clarence Gedman to third
Runner from 3rd tries for Home, throw by LF and OUT! 7-2
Batting: LHB Edgar Vargo 0-0: Ball
David Ayala is caught stealing 2nd base 2-6
Top of the 4th over - 0 runs, 2 hits, 0 errors, 0 left on base; Arkansas 2 - Frisco 2
BOTTOM OF THE 4TH
Frisco RoughRiders batting - Pitching for Arkansas Travelers : RHP Stan Tutt
Batting: RHB Jim Unknown 0-0: Ball
1-0: Swinging Strike
1-1: Foul Ball, location: 2F
1-2: Foul Ball, location: 25FF
1-2: Ball
2-2: Strikes out swinging
Batting: RHB Jim Unknown 0-0: Foul Ball, location: 2F
0-1: Foul Ball, location: 9LDF
0-2: Strikes out swinging
Batting: RHB Jeff Maxwell 0-0: Ground out 5-3 (Groundball, 5, EV 105.6 MPH)
Bottom of the 4th over - 0 runs, 0 hits, 0 errors, 0 left on base; Arkansas 2 - Frisco 2
TOP OF THE 5TH
Arkansas Travelers batting - Pitching for Frisco RoughRiders : RHP Jim Unknown
Batting: LHB Edgar Vargo 0-0: Ball
1-0: Called Strike
1-1: Fly out, F6 (Line Drive, 6, EV 70.6 MPH)
Batting: SHB Junior Garrett 0-0: Ball
1-0: Called Strike
1-1: Swinging Strike
1-2: Foul Ball, location: 2F
1-2: Foul Ball, location: 5FF
1-2: Ball
2-2: Ball
3-2: Foul Ball, location: 2F
3-2: Base on Balls
Batting: LHB José Barrón 0-0: Called Strike
0-1: DOUBLE (Flyball, 78D, EV 93.8 MPH)
Junior Garrett to third
Runner from 3rd tries for Home, SAFE, no throw by CF
Batting: RHB Dave Davis 0-0: Called Strike
0-1: Foul Ball, location: 7LMFF
0-2: Foul Ball, location: 3SF
0-2: Ball
1-2: TRIPLE (Line Drive, 9D, EV 110.6 MPH)
José Barrón scores
Batting: LHB Brad McParland 0-0: Ball
1-0: Foul Ball, location: 9LDF
1-1: Foul Ball, location: 2F
1-2: Ball
2-2: Foul Ball, location: 2F
2-2: Ball
3-2: Base on Balls
Batting: RHB Xavier López 0-0: Fielders Choice at home, 5-2 (Groundball, 56S, EV 90.6 MPH)
Brad McParland to second
Batting: RHB Clarence Gedman 0-0: Called Strike
0-1: Ball
1-1: Swinging Strike
1-2: Foul Ball, location: 5DF
1-2: Foul Ball, location: 2F
1-2: Ball
2-2: Foul Ball, location: 7LDF
2-2: Ball
3-2: Base on Balls
Brad McParland to third
Xavier López to second
Batting: RHB Reggie Allen 0-0: Ball
1-0: Called Strike
1-1: Foul Ball, location: 5F
1-2: Ball
2-2: Ball
3-2: Fielders Choice at 3rd, U5 (Groundball, 5, EV 68.8 MPH)
Top of the 5th over - 2 runs, 2 hits, 0 errors, 2 left on base; Arkansas 4 - Frisco 2
BOTTOM OF THE 5TH
Frisco RoughRiders batting - Pitching for Arkansas Travelers : RHP Stan Tutt
Batting: RHB Cliff Richardson 0-0: Ball
1-0: Ball
2-0: Called Strike
2-1: Foul Ball, location: 2F
2-2: Strikes out looking
Batting: LHB Dan Weaver 0-0: Ball
1-0: Ball
2-0: Swinging Strike
2-1: Foul Ball, location: 2F
2-2: Fly out, F7 (Flyball, 7, EV 96.9 MPH)
Batting: RHB Joel Johnson 0-0: Ball
1-0: Ball
2-0: Called Strike
2-1: Swinging Strike
2-2: Foul Ball, location: 3SF
2-2: Ball
3-2: Base on Balls
Batting: LHB Jim Unknown 0-0: Swinging Strike
0-1: Ball
1-1: Called Strike
1-2: Foul Ball, location: 5FF
1-2: Ball
2-2: Strikes out swinging
Bottom of the 5th over - 0 runs, 0 hits, 0 errors, 1 left on base; Arkansas 4 - Frisco 2
TOP OF THE 6TH
Arkansas Travelers batting - Pitching for Frisco RoughRiders : RHP Jim Unknown
Batting: RHB David Ayala 0-0: Ball
1-0: Called Strike
1-1: Ball
2-1: DOUBLE (Flyball, 89D, EV 111.9 MPH)
Batting: LHB Edgar Vargo 0-0: Ball
1-0: Called Strike
David Ayala steals 3rd base
1-1: Ball
2-1: Foul Ball, location: 23F
2-2: Foul Ball, location: 2F
2-2: Fly out, F7 (Flyball, 7D, EV 110.6 MPH)
Runner from 3rd tags up, SCORES, no throw by LF
Pitching: RHP Jim Unknown
Batting: SHB Junior Garrett 0-0: SOLO HOME RUN (Flyball, 8RXD, EV 106.3 MPH), Distance : 450 ft
Batting: LHB José Barrón 0-0: Called Strike
0-1: Ball
1-1: Ball
2-1: Fly out, F8 (Flyball, 78D, EV 106.3 MPH)
Batting: RHB Dave Davis 0-0: SINGLE (Line Drive, 78S, EV 108.1 MPH)
Batting: LHB Brad McParland 0-0: Fly out, F7 (Flyball, 78D, EV 80.6 MPH)
Top of the 6th over - 2 runs, 3 hits, 0 errors, 1 left on base; Arkansas 6 - Frisco 2
BOTTOM OF THE 6TH
Frisco RoughRiders batting - Pitching for Arkansas Travelers : RHP Stan Tutt
Pitching: LHP Jim Unknown
Batting: LHB Jim Unknown 0-0: Ball
1-0: Foul Ball, location: 7LMF
1-1: Fly out, F8 (Flyball, 78S, EV 88.8 MPH)
Batting: RHB Jim Unknown 0-0: Ball
1-0: Ball
2-0: Called Strike
2-1: Ball
3-1: Base on Balls
Batting: RHB Jim Unknown 0-0: Called Strike
Jim Unknown steals 2nd base
0-1: Called Strike
0-2: Ball
1-2: Foul Ball, location: 23FF
1-2: Foul Ball, location: 7LMF
1-2: Ball
2-2: Strikes out swinging
Batting: RHB Jim Unknown 0-0: Ball
1-0: Ball
2-0: Called Strike
2-1: 2-RUN HOME RUN (Flyball, 7LD, EV 98.1 MPH), Distance : 353 ft
Batting: RHB Jeff Maxwell 0-0: Ground out 4-3 (Groundball, 4, EV 86.9 MPH)
Bottom of the 6th over - 2 runs, 1 hit, 0 errors, 0 left on base; Arkansas 6 - Frisco 4
TOP OF THE 7TH
Arkansas Travelers batting - Pitching for Frisco RoughRiders : RHP Jim Unknown
Batting: RHB Xavier López 0-0: Ball
1-0: Ball
2-0: Called Strike
2-1: Ground out 5-3 (Groundball, 5S, EV 85.0 MPH)
Batting: RHB Clarence Gedman 0-0: Swinging Strike
0-1: Swinging Strike
0-2: Ball
1-2: Foul Ball, location: 9LSF
1-2: DOUBLE (Line Drive, 7LM, EV 109.4 MPH)
Batting: RHB Reggie Allen 0-0: Ball
1-0: Ball
2-0: Called Strike
2-1: Fly out, F5 (Popup, 5F, EV 75.0 MPH)
Batting: RHB David Ayala 0-0: Ball
1-0: Swinging Strike
1-1: Foul Ball, location: 2F
1-2: Ball
2-2: Hit by Pitch
Batting: LHB Edgar Vargo 0-0: Swinging Strike
0-1: Ball
1-1: Foul Ball, location: 2F
1-2: Ball
2-2: Ball
3-2: Foul Ball, location: 23F
3-2: Base on Balls
Clarence Gedman to third
David Ayala to second
Batting: SHB Junior Garrett 0-0: Ball
1-0: Called Strike
1-1: Foul Ball, location: 2F
1-2: SINGLE (Flyball, 78S, EV 85.0 MPH)
Clarence Gedman scores
David Ayala to third
Edgar Vargo to second
Batting: LHB José Barrón 0-0: Ball
1-0: Ball
2-0: Ball
3-0: Base on Balls
David Ayala scores
Edgar Vargo to third
Junior Garrett to second
Batting: RHB Dave Davis 0-0: Ball
1-0: Ball
2-0: Foul Ball, location: 7LMF
2-1: Ball
3-1: Base on Balls
Edgar Vargo scores
Junior Garrett to third
José Barrón to second
Pitching: LHP Jim Unknown
Batting: LHB Brad McParland 0-0: Ball
1-0: SINGLE (Groundball, 4MD, EV 94.4 MPH)
Junior Garrett scores
José Barrón to third
Dave Davis to second
Runner from 3rd tries for Home, SAFE, throw by CF to home
Batting: RHB Xavier López 0-0: Ball
1-0: Ball
2-0: Called Strike
2-1: Foul Ball, location: 2F
2-2: Strikes out swinging
Top of the 7th over - 5 runs, 3 hits, 0 errors, 2 left on base; Arkansas 11 - Frisco 4
BOTTOM OF THE 7TH
Frisco RoughRiders batting - Pitching for Arkansas Travelers : LHP Jim Unknown
Pinch Hitting: RHB Jim Unknown 0-0: Ball
1-0: Ball
2-0: Foul Ball, location: 23F
2-1: Swinging Strike
2-2: Ball
3-2: Base on Balls
Batting: LHB Dan Weaver 0-0: Ball
1-0: Ball
2-0: Foul Ball, location: 2F
2-1: Ball
3-1: SINGLE (Groundball, 56, EV 103.8 MPH)
Jim Unknown to second
Pinch Hitting: RHB Jim Unknown 0-0: Foul Ball, location: 2F
0-1: Ball
1-1: Swinging Strike
1-2: Foul Ball, location: 2F
1-2: Fly out, F8 (Flyball, 8RM, EV 85.6 MPH)
Pinch Hitting: RHB Jim Unknown 0-0: Called Strike
0-1: Fly out, F8 (Flyball, 8LD, EV 101.3 MPH)
Batting: LHB Jim Unknown 0-0: Ball
1-0: Ball
2-0: Fly out, F9 (Flyball, 9LSF, EV 76.9 MPH)
Bottom of the 7th over - 0 runs, 1 hit, 0 errors, 2 left on base; Arkansas 11 - Frisco 4
TOP OF THE 8TH
Arkansas Travelers batting - Pitching for Frisco RoughRiders : LHP Jim Unknown
Now at 1B: Jim Unknown
Now at 2B: Jim Unknown
Now in CF: Jim Unknown
Now in RF: Jim Unknown
Batting: RHB Clarence Gedman 0-0: Called Strike
0-1: Foul Ball, location: 5FF
0-2: Fly out, F6 (Popup, 6MS, EV 78.8 MPH)
Batting: RHB Reggie Allen 0-0: Ball
1-0: Swinging Strike
1-1: Ball
2-1: Foul Ball, location: 2F
2-2: Foul Ball, location: 23FF
2-2: Ball
3-2: Foul Ball, location: 3F
3-2: Base on Balls
Batting: RHB David Ayala 0-0: Ball
1-0: Foul Ball, location: 3F
1-1: Ball
2-1: Ball
3-1: Fly out, F4 (Line Drive, 4, EV 71.3 MPH)
Batting: LHB Edgar Vargo 0-0: Swinging Strike
0-1: Ground out 6-3 (Groundball, 56D, EV 103.8 MPH)
Top of the 8th over - 0 runs, 0 hits, 0 errors, 1 left on base; Arkansas 11 - Frisco 4
BOTTOM OF THE 8TH
Frisco RoughRiders batting - Pitching for Arkansas Travelers : LHP Jim Unknown
Batting: RHB Jim Unknown 0-0: Called Strike
0-1: Ball
1-1: Ball
2-1: Ball
3-1: Base on Balls
Batting: RHB Jim Unknown 0-0: Called Strike
0-1: Swinging Strike
0-2: Ball
1-2: Ball
2-2: Ball
3-2: Base on Balls
Jim Unknown to second
Pitching: LHP Jim Unknown
Batting: RHB Jim Unknown 0-0: Called Strike
0-1: Fly out, F9 (Flyball, 89M, EV 86.9 MPH)
Batting: RHB Jeff Maxwell 0-0: Ball
1-0: Swinging Strike
1-1: Grounds into double play, 6-4-3 (Groundball, 6, EV 107.5 MPH)
Bottom of the 8th over - 0 runs, 0 hits, 0 errors, 1 left on base; Arkansas 11 - Frisco 4
TOP OF THE 9TH
Arkansas Travelers batting - Pitching for Frisco RoughRiders : LHP Jim Unknown
Pinch Hitting: RHB Jim Unknown 0-0: Foul Ball, location: 3FF
0-1: Ball
1-1: Swinging Strike
1-2: Foul Ball, location: 9LMF
1-2: Strikes out swinging
Batting: LHB José Barrón 0-0: Ball
1-0: Ball
2-0: Ball
3-0: Base on Balls
Batting: RHB Dave Davis 0-0: Called Strike
0-1: Called Strike
0-2: Ball
1-2: Strikes out swinging
Batting: LHB Brad McParland 0-0: Called Strike
0-1: Foul Ball, location: 7LDF
0-2: Ball
1-2: Strikes out swinging
Top of the 9th over - 0 runs, 0 hits, 0 errors, 1 left on base; Arkansas 11 - Frisco 4
BOTTOM OF THE 9TH
Frisco RoughRiders batting - Pitching for Arkansas Travelers : LHP Jim Unknown
Now at 3B: Jim Unknown
Batting: RHB Jim Unknown 0-0: Ball
1-0: SINGLE (Groundball, 6, EV 96.3 MPH)
Batting: LHB Dan Weaver 0-0: Grounds into double play, 6-4-3 (Groundball, 6, EV 108.8 MPH)
Pinch Hitting: RHB Jim Unknown 0-0: Ball
1-0: Ball
2-0: Ball
3-0: Called Strike
3-1: Foul Ball, location: 25F
3-2: Strikes out swinging
Bottom of the 9th over - 0 runs, 1 hit, 0 errors, 0 left on base; Arkansas 11 - Frisco 4
Wednesday, May 1st , 2024 - OOTP Baseball 24.10 Build 82